 Dungeon Crawl Stone Soup version 0.16-a0-4083-g5af668b (console) character file.

128 mauris the Skirmisher (level 4, -3/37 HPs)
             Began as a Demonspawn Chaos Knight on Feb 22, 2015.
             Slain by a wolf (shapeshifter) (8 damage)
             ... on level 3 of the Dungeon.
             The game lasted 00:02:22 (1024 turns).

mauris the Skirmisher (Demonspawn Chaos Knight)     Turns: 1024, Time: 00:02:22

Health: -3/37      AC:  8    Str: 10 (13) XL:     4   Next: 86%
Magic:  4/4        EV: 10    Int: 13      God:    Xom [.*....]
Gold:   53         SH:  0    Dex: 13      Spells: 0 memorised, 3 levels left

rFire  . . .     SeeInvis .     a - +0 mace (chaos)
rCold  . . .     Clarity  .     b - +2 leather armour
rNeg   . . .     SustAb   .     (no shield)
rPois  .         Gourm    .     (no helmet)
rElec  .         Spirit   .     (no cloak)
rCorr  .         Warding  .     (no gloves)
rMut   .         Stasis   .     (no boots)
MR     .....                    (no amulet)
Stlth  +.........               (no ring)
                                (no ring)

@: not resistant to hostile enchantments, very unstealthy
A: molten scales 2, demonic guardian 1
a: Renounce Religion


You were on level 3 of the Dungeon.
You worshipped Xom.
You were a plaything of Xom.
You were not hungry.

You visited 1 branch of the dungeon, and saw 3 of its levels.

You collected 53 gold pieces.

Inventory:

Hand weapons
 a - a +0 mace of chaos (weapon)
Armour
 b - a +2 leather armour (worn)
 n - a +0 helmet
Jewellery
 i - an uncursed ring of ice {unknown}
Scrolls
 d - 2 scrolls of remove curse {unknown}
 g - a scroll of fear {unknown}
 h - 2 scrolls of enchant weapon {unknown}
 k - a scroll of random uselessness {unknown}
 l - a scroll of immolation {unknown}
 m - a scroll of identify {unknown}
 p - a scroll of enchant armour {unknown}
 q - a scroll of noise {unknown}
Potions
 j - a potion of agility
Comestibles
 c - a bread ration
 f - a chunk of flesh


   Skills:
 + Level 4.1 Fighting
 + Level 3.6 Maces & Flails
 + Level 2.9 Armour
 - Level 0.8 Dodging


You had 3 spell levels left.
You didn't know any spells.

Dungeon Overview and Level Annotations

Branches:
Dungeon (3/15)

Altars:

Annotations:
D:2 Ijyb


Innate Abilities, Weirdness & Mutations

You are mostly covered in molten scales (AC +3, EV -1).
A weak demonic guardian rushes to your aid.


Message History

Things that are here:
a club; a robe; an orc corpse You hit the orc but do no damage.
The orc changes into a kobold!
The kobold changes into a wolf!
The wolf barely misses you.
An ooze comes into view.
Things that are here:
a short sword; an orc corpse Your iron imp hits the adder!
The adder dies!
The wolf barely misses you.
There is an open door, spattered with blood here.
You barely miss the wolf. The wolf bites you but does no damage.
The wolf bites you!
* * * LOW HITPOINT WARNING * * *
Huge Dmg: -27%(-10hp) hp: 14%(5hp)
You closely miss the wolf. The wolf bites you but does no damage.
Your iron imp misses the wolf.
The wolf bites you!
You die...
Xom laughs nastily! s

######## s #......#
s####......#
#..>....<.#
###########'#######.#
~~~~~~~.#.........(..#
~~~.~~.~.###.........#
#######~.###########.
#.^..1..........
#...h##########
#.#.5.)..#..(.. #
#...)).......o
######J#..... # ..o


SJo o o You could see a wolf shaped shifter and a friendly iron imp.

Vanquished Creatures
  An orc priest (D:3)
  Terence (D:2)
  Robin (D:2)
  3 adders (D:2)
  A giant gecko (D:1)
  An orc (D:3)
  13 goblins
  5 hobgoblins
  2 ball pythons (D:1)
  4 bats (D:1)
  2 giant newts (D:1)
  2 kobolds
  4 rats
40 creatures vanquished.

Vanquished Creatures (collateral kills)
  An adder (D:3)
  A worm (D:2)
  An orc (D:3)
  A rat (D:2)
4 creatures vanquished.

Vanquished Creatures (others)
  2 ufetubi (D:2)
2 creatures vanquished.

Grand Total: 46 creatures vanquished

Notes
Turn   | Place    | Note
--------------------------------------------------------------
     0 | D:1      | mauris, the Demonspawn Chaos Knight, began the quest for the Orb.
     0 | D:1      | Reached XP level 1. HP: 18/18 MP: 1/1
   130 | D:1      | Huge Dmg: 5 Dmg
   132 | D:1      | Gained mutation: You are partially covered in molten scales (AC +1). [demonic ancestry]
   132 | D:1      | Reached XP level 2. HP: 24/24 MP: 2/2
   148 | D:1      | XOM: harmless Summ miscast
   263 | D:1      | XOM: divination: magic mapping
   366 | D:1      | XOM: harmless Erth miscast
   442 | D:2      | XOM: potion effect (haste)
   450 | D:2      | Gained mutation: You are mostly covered in molten scales (AC +3, EV -1). [demonic ancestry]
   450 | D:2      | Reached XP level 3. HP: 27/29 MP: 3/3
   513 | D:2      | Noticed Robin
   531 | D:2      | Killed Robin
   743 | D:2      | Gained mutation: A weak demonic guardian rushes to your aid. [demonic ancestry]
   743 | D:2      | Reached XP level 4. HP: 24/37 MP: 4/4
   826 | D:2      | Huge Dmg: 9 Dmg
   848 | D:2      | Noticed Terence
   850 | D:2      | Noticed Ijyb
   858 | D:2      | Huge Dmg: 7 Dmg
   860 | D:2      | Huge Dmg: 7 Dmg
   860 | D:2      | Killed Terence
   864 | D:2      | XOM: silly message
   870 | D:2      | Reached skill level 4 in Fighting
   871 | D:2      | Huge Dmg: 2 Dmg
   947 | D:3      | XOM: divination: detect creatures
  1016 | D:3      | Huge Dmg: 6 Dmg
  1019 | D:3      | Noticed a wolf
  1019 | D:3      | a kobold changed into a wolf
  1024 | D:3      | Huge Dmg: 10 Dmg
  1024 | D:3      | Slain by a wolf (shapeshifter)

Action                   |  1- 3 |  4- 6 || total
-------------------------+-------+-------++-------
Melee: Mace              |    87 |    23 ||   110
  Use: Potion            |       |     2 ||     2
 Stab: Petrified         |     1 |       ||     1
  Eat: Chunk             |       |     1 ||     1

Vault maps used:
D:1:      minmay_arrival_up_and_down
D:2:      uniq_iyjb, uniq_robin, uniq_terence
D:3:      vehumet_crystals, gup_sewer_entry_pipe
